 Dungeon Crawl Stone Soup version 0.25-a0-1119-g28b6fd0c3b (webtiles) character file.

Game seed: 9249959985942090705, levelgen mode: deterministic

6886 Edwards80 the Basher (level 10, -4/78 HPs)
             Began as a Minotaur Fighter on May 8, 2020.
             Was a Priest of Makhleb.
             Killed by divine providence
             ... invoked by a meliai
              (13 damage)
             ... on level 10 of the Dungeon on May 18, 2020.
             The game lasted 00:27:03 (8771 turns).

Edwards80 the Basher (Minotaur Fighter)             Turns: 8771, Time: 00:27:03

Health: -4/78      AC: 22    Str: 25    XL:     10   Next: 79%
Magic:  9/9        EV: 21    Int:  5    God:    Makhleb [***...]
Gold:   466        SH: 12    Dex: 11    Spells: 9/9 levels left

rFire    + . .     SeeInvis .   a - +5 whip of Okawaru's Esteem {flame, rPois Dex+2}
rCold    + . .     Gourm    .   F - +0 kite shield
rNeg     . . .     Faith    .   j - +0 plate armour
rPois    +         Spirit   .   (helmet restricted)
rElec    +         Reflect  .   A - +0 cloak
rCorr    +         Harm     .   w - +0 pair of gloves
MR       .....                  (no boots)
Stlth    ..........             v - amulet of the acrobat
HPRegen  0.23/turn              k - +5 ring of protection
MPRegen  0.11/turn              (no ring)

@: about to teleport, resistant, acrobat
A: retaliatory headbutt, horns 2
a: Minor Destruction, Lesser Servant of Makhleb, Renounce Religion


You were on level 10 of the Dungeon.
You worshipped Makhleb.
Makhleb was most pleased with you.
You were not hungry.

You visited 1 branch of the dungeon, and saw 10 of its levels.

You collected 466 gold pieces.

Inventory:

Hand Weapons
 a - the +5 whip of Okawaru's Esteem (weapon) {flame, rPois Dex+2}
   (You found it on level 5 of the Dungeon)

   It has been specially enchanted to burn those struck by it, causing extra
   injury to most foes and up to half again as much damage against particularly
   susceptible opponents.
   It affects your dexterity (+2).
   It protects you from poison.
 b - a +1 flail
Armour
 j - a +0 plate armour (worn)
 w - a +0 pair of gloves (worn)
 A - a +0 cloak (worn)
 F - a +0 kite shield (worn)
 I - +0 steam dragon scales
Jewellery
 g - an uncursed amulet of guardian spirit
 k - a +5 ring of protection (left hand)
 v - an amulet of the acrobat (around neck)
 H - an uncursed ring of protection from fire {unknown}
Wands
 d - a wand of digging (2)
 o - a wand of polymorph (4)
 u - a wand of iceblast (9)
 E - a wand of enslavement (4)
 J - a wand of random effects (19)
 K - a wand of flame (13)
Scrolls
 c - a scroll of identify
 h - 2 scrolls of random uselessness {unknown}
 i - 7 scrolls of teleportation
 l - 4 scrolls of remove curse
 n - 2 scrolls of immolation
 p - a scroll of amnesia {unknown}
 s - a scroll of enchant armour {unknown}
 x - a scroll of fog {unknown}
 y - 2 scrolls of fear {unknown}
 D - 3 scrolls of brand weapon {unknown}
 M - a scroll of vulnerability {unknown}
Potions
 e - a potion of brilliance
 q - a potion of lignification {unknown}
 r - a potion of invisibility {unknown}
 t - a potion of stabbing {unknown}
 z - 2 potions of degeneration {unknown}
 B - a potion of berserk rage {unknown}
 C - 3 potions of flight {unknown}
 G - a potion of heal wounds
Comestibles
 f - 23 rations
 L - 2 chunks of flesh


   Skills:
 - Level 3.8 Fighting
 - Level 14.0 Maces & Flails
 + Level 10.2 Armour
 + Level 10.2 Shields


You had 9 spell levels left.
You didn't know any spells.
Your spell library contained the following spells:

 Spells                   Type           Power        Failure   Level  Hunger
 Animate Skeleton         Necr           N/A          100%        1    ##.....
 Beastly Appendage        Tmut           #.....       100%        1    ##.....
 Corona                   Hex            #......      100%        1    ##.....
 Pain                     Necr           #...         100%        1    ##.....
 Ensorcelled Hibernation  Hex/Ice        #.....       100%        2    ###....
 Sticks to Snakes         Tmut           #.......     100%        2    ###....
 Confusing Touch          Hex            #.......     100%        3    ####...
 Dazzling Flash           Conj/Hex       #.....       100%        3    ####...
 Spider Form              Tmut/Pois      #.........   100%        3    ####...
 Tukima's Dance           Hex            #.......     100%        3    ####...
 Vampiric Draining        Necr           #.........   100%        3    ####...
 Animate Dead             Necr           N/A          100%        4    #####..
 Ice Form                 Ice/Tmut       #.......     100%        4    #####..
 Agony                    Necr           #.......     100%        5    ######.
 Blade Hands              Tmut           #.........   100%        5    ######.


Dungeon Overview and Level Annotations

Branches:
Dungeon (10/15)            Temple (0/1) D:6
   Lair: D:8-11         Orc: D:9-12

Altars:
Ashenzari
Fedhas
Gozag
Hepliaklqana
Kikubaaqudgha
Makhleb
Qazlal
Sif Muna
Trog
Uskayaw
Zin

Annotations:
D:3 2 runed translucent doors, kae's ghost, amateur MfIE
D:5 Prince Ribbit
D:10 1 runed translucent door, Umifoh's ghost, novice DEIE


Innate Abilities, Weirdness & Mutations

You reflexively headbutt those who attack you in melee.
You have a pair of horns on your head.


Message History

Something smites you!
The meliai calls upon its god to heal the meliai.
The meliai's wounds heal themselves!
You block the meliai's attack. x2
The meliai calls down the wrath of its god upon you.
Something smites you!
* * * LOW HITPOINT WARNING * * *
You feel protected.
The meliai invokes the aid of its god against you.
Something smites you!
* * * LOW HITPOINT WARNING * * *
You block the meliai's attack. The meliai barely misses you.
The meliai hits you but does no damage. The meliai misses you.
The meliai misses you. The meliai barely misses you.
That item cannot be evoked!
As you read the scroll of teleportation, it crumbles to dust.
You feel strangely unstable.
The meliai mumbles some strange prayers to its god against you.
Something smites you!
You die...

#.# #.# #.# ?# #.# #.#####.#
.# #.#########.......# .#
............#####.# .#
............# #.# .#
............# #.# .######
............# #.#####.....[.
.........>..#####yy.yaW.......
................@.#####..$....
............#####.# .......
<..........(# #.# ..a....
##.## #.# ....... .# #.#
....... #.. ....... #..
.###### ##. #.. ...


You could see a hungry ghost, 3 meliai and a worker ant.

Vanquished Creatures
  A two-headed ogre (D:9)
  An unseen horror (D:10)
  Grinder (D:5)
  2 hornets
  3 hippogriffs
  A spriggan (D:7)
  Grum (D:10)
  A steam dragon (D:9)
  Duvessa (D:5)
  A sky beast (D:6)
  An ice beast (D:5)
  2 eyes of draining (D:8)
  4 orc warriors
  2 wolves (D:10)
  A phantom (D:5)
  7 ogres
  A centaur (D:8)
  5 bullfrogs
  2 big kobolds
  An elf zombie (D:9)
  An elf skeleton (D:9)
  4 killer bees
  Dowan (D:5)
  2 scorpions
  2 wights
  A howler monkey (D:4)
  2 crimson imps
  A bullfrog zombie (D:8)
  3 jellies
  A quasit (D:6)
  4 hounds
  3 orc priests (D:6)
  6 orc wizards
  Jessica (D:3)
  A human skeleton (D:9)
  4 human zombies (D:9)
  15 worker ants
  An ogre zombie (D:9)
  2 mummies
  3 gnolls (D:9)
  6 adders
  A shadow imp (D:4)
  5 oozes
  2 adder skeletons
  A worm (D:3)
  A dart slug (D:2)
  2 leopard geckos
  33 orcs
  A ball python (D:5)
  4 giant cockroaches
  6 goblins
  8 hobgoblins
  9 jackals
  9 kobolds
  3 quokkas
  4 bats
  9 frilled lizards
  A jackal skeleton (D:5)
  9 rats
211 creatures vanquished.

Notes
Turn   | Place    | Note
-------+----------+-------------------------------------------
     0 | D:1      | Edwards80 the Minotaur Fighter began the quest for the Orb.
     0 | D:1      | Reached XP level 1. HP: 19/19 MP: 0/0
   106 | D:1      | Reached XP level 2. HP: 27/27 MP: 1/1
   218 | D:1      | Reached skill level 3 in Maces & Flails
   591 | D:2      | Reached XP level 3. HP: 33/33 MP: 2/2
   887 | D:2      | Reached skill level 4 in Maces & Flails
   931 | D:2      | Reached XP level 4. HP: 40/40 MP: 3/3
  1154 | D:3      | Reached skill level 5 in Maces & Flails
  1233 | D:3      | Reached XP level 5. HP: 44/46 MP: 4/4
  1259 | D:3      | Reached skill level 6 in Maces & Flails
  1402 | D:3      | Noticed Jessica
  1408 | D:3      | Killed Jessica
  1558 | D:3      | Found a shattered altar of Ashenzari.
  1640 | D:3      | Found a large runed translucent door.
  1641 | D:3      | Found a large runed translucent door.
  1642 | D:3      | Noticed kae's ghost (amateur MfIE)
  2303 | D:4      | Reached skill level 7 in Maces & Flails
  2407 | D:4      | Reached XP level 6. HP: 50/52 MP: 5/5
  2612 | D:4      | Reached skill level 8 in Maces & Flails
  2716 | D:4      | Reached skill level 9 in Maces & Flails
  2716 | D:4      | Reached XP level 7. HP: 52/58 MP: 6/6
  3161 | D:4      | You fall into a shaft and drop 3 floors!
  3168 | D:7      | Found an opulent altar of Gozag.
  3188 | D:7      | Reached skill level 10 in Maces & Flails
  3320 | D:6      | Found a hide-covered altar of Uskayaw.
  3321 | D:6      | Found a glowing silver altar of Zin.
  3321 | D:6      | Found a stormy altar of Qazlal.
  3321 | D:6      | Found an ancient bone altar of Kikubaaqudgha.
  3585 | D:6      | Found a burning altar of Makhleb.
  3585 | D:6      | Found a shimmering blue altar of Sif Muna.
  3585 | D:6      | Found a hazy altar of Hepliaklqana.
  3594 | D:6      | Found a blossoming altar of Fedhas.
  3605 | D:6      | Became a worshipper of Makhleb the Destroyer
  3823 | D:5      | Entered Level 5 of the Dungeon
  3842 | D:5      | Found a bloodstained altar of Trog.
  3885 | D:5      | Upgraded the game from 0.25-a0-949-gdd2af9e06e to
                  | 0.25-a0-1119-g28b6fd0c3b
  3887 | D:5      | Reached skill level 11 in Maces & Flails
  3887 | D:5      | Reached XP level 8. HP: 33/66 MP: 7/7
  4305 | D:5      | Reached skill level 12 in Maces & Flails
  4640 | D:5      | Noticed Prince Ribbit
  4640 | D:5      | Noticed Dowan
  4640 | D:5      | Noticed Duvessa
  4669 | D:5      | Killed Dowan
  4974 | D:5      | HP: 3/66 [poisoned by Duvessa]
  4974 | D:5      | HP: 1/66 [Duvessa/+0 short sword of venom (2)]
  4984 | D:5      | Killed Duvessa
  4984 | D:5      | Reached skill level 13 in Maces & Flails
  5476 | D:5      | Got a twisted whip
  5477 | D:5      | Identified the +5 whip of Okawaru's Esteem {flame, rPois
                  | Dex+2} (You found it on level 5 of the Dungeon)
  5558 | D:5      | Noticed Grinder
  5570 | D:5      | Killed Grinder
  5962 | D:6      | Reached XP level 9. HP: 71/71 MP: 8/8
  6018 | D:6      | Found a staircase to the Ecumenical Temple.
  6047 | D:6      | Reached * piety under Makhleb
  6446 | D:6      | Reached skill level 14 in Maces & Flails
  6852 | D:7      | Reached skill level 5 in Armour
  6852 | D:7      | Reached skill level 5 in Shields
  7592 | D:8      | Found a bloodstained altar of Trog.
  7796 | D:9      | Reached ** piety under Makhleb
  7814 | D:9      | Reached XP level 10. HP: 50/78 MP: 9/9
  7969 | D:9      | Noticed a two-headed ogre
  7981 | D:9      | Killed a two-headed ogre
  8075 | D:9      | Found an ancient bone altar of Kikubaaqudgha.
  8514 | D:10     | Entered Level 10 of the Dungeon
  8557 | D:10     | Found a runed translucent door.
  8557 | D:10     | Noticed Umifoh's ghost (novice DEIE)
  8573 | D:10     | Killed an unseen horror
  8573 | D:10     | Reached skill level 10 in Armour
  8676 | D:10     | Noticed Grum
  8690 | D:10     | Reached *** piety under Makhleb
  8690 | D:10     | Reached skill level 10 in Shields
  8702 | D:10     | Killed Grum
  8771 | D:10     | Killed from afar by a meliai

Illustrated notes

Levels and vault maps discovered:
D:1:      nzn_arrival_settlement, layout_basic
D:2:      layout_loops_ring
D:3:      layout_loops_ring, marbit_many_paths, ebering_ghost_disaster_area,
          uniq_jessica
D:4:      minmay_opposing_rooms, layout_loops_ring
D:5:      layout_basic, basic_altar, first_ration, uniq_prince_ribbit1,
          uniq_grinder, uniq_duvessa
D:6:      layout_loops_corners, grunt_temple_overflow_open,
          minmay_temple_entry_antechambers
D:7:      layout_rooms, basic_altar, the_bakery
D:8:      layout_loops_ring, trog_eyes_of_draining
D:9:      layout_rooms, lemuel_mausoleum_altar_kikubaaqudgha
D:10:     layout_small_grid, hellmonk_ghost_happy_afterlife, minmay_radiant,
          uniq_grum, uniq_nergalle

Skill      XL: |  1  2  3  4  5  6  7  8  9 10 |
---------------+-------------------------------+-----
Maces & Flails | 3 4 5 7 9 11 13 14 | 14.0
Shields        | 7 10 | 10.2
Armour         | 7 10 | 10.2
Fighting       | |  3.8

Action                   |  1- 3 |  4- 6 |  7- 9 | 10-12 || total
-------------------------+-------+-------+-------+-------++-------
Melee: Flail             |    87 |   178 |   180 |       ||   445
       Headbutt          |    12 |    27 |    61 |    44 ||   144
       Whip              |       |       |   165 |   166 ||   331
Evoke: Wand              |       |       |     1 |     1 ||     2
  Use: Scroll            |     3 |     2 |     5 |     1 ||    11
       Potion            |       |       |     6 |     1 ||     7
  Eat: Chunk             |       |     6 |    13 |     2 ||    21
       Ration            |       |       |     1 |     1 ||     2
Armor: Scale mail        |    17 |       |       |       ||    17
       Plate armour      |    43 |   114 |   121 |    54 ||   332
Dodge: Dodged            |    22 |    19 |    52 |    26 ||   119
Block: Kite shield       |    57 |    89 |   120 |    52 ||   318

Table legend:
 A = Non-vault XP
 B = Vault XP
 C = Vault XP percentage of total XP
 D = Non-vault monster count
 E = Vault monster count
 F = Vault count percentage of total count
                 A         B        C        D         E       F
            +---------+---------+-------+---------+---------+-------
      Total |    7356 |    2482 |  25.2 |     179 |      32 |  15.2
            +---------+---------+-------+---------+---------+-------
        D:1 |      36 |       0 |   0.0 |      22 |       0 |   0.0
        D:2 |      77 |       0 |   0.0 |      13 |       0 |   0.0
        D:3 |     119 |      40 |  25.2 |      32 |       2 |   5.9
        D:4 |     487 |     299 |  38.0 |      24 |       7 |  22.6
        D:5 |     874 |     484 |  35.6 |      22 |       3 |  12.0
        D:6 |     955 |       0 |   0.0 |      18 |       0 |   0.0
        D:7 |     324 |     211 |  39.4 |      11 |       1 |   8.3
        D:8 |     745 |     554 |  42.6 |       9 |       6 |  40.0
        D:9 |    2358 |     474 |  16.7 |      21 |      10 |  32.3
       D:10 |    1381 |     420 |  23.3 |       7 |       3 |  30.0
            +---------+---------+-------+---------+---------+-------
